 Dungeon Crawl Stone Soup version 0.27.0-1-g7a089689b8 (webtiles) character file.

Game seed: 97564891553051923

210 shadowrider38 the Magician (level 6, -2/46 HPs)
             Began as a Djinni Fire Elementalist on Aug 10, 2021.
             Slain by a ball python (3 damage)
             ... on level 3 of the Dungeon.
             The game lasted 00:19:17 (4723 turns).

shadowrider38 the Magician (DjFE)                   Turns: 4723, Time: 00:19:18

Health: -2/46      AC:  3    Str:  9    XL:     6   Next: 12%
Gold:   121        EV:  9    Int: 16    God:
                   SH:  0    Dex: 14

rFire    + + +     SeeInvis .   a - +6 trident (protect)
rCold    . . .     Faith    .   (no shield)
rNeg     . . .     Spirit   .   d - +0 robe
rPois    ∞         Reflect  .   j - +0 helmet
rElec    .         Harm     .   s - scarf {rC+ rF+}
rCorr    .         Rampage  .   (no gloves)
Will     +....                  (boots unavailable)
Stlth    ++........             (no amulet)
HPRegen  0.15/turn              l - ring of willpower
MPRegen  0.00/turn              (no ring)

@: flying, constricted
A: sickness immunity, fire resistance 2, cold vulnerability 1, float, innate
caster, hp casting, extra vitality 1
a: no special abilities


You were on level 3 of the Dungeon.
You visited 1 branch of the dungeon, and saw 4 of its levels.

You collected 121 gold pieces.

Inventory:

Hand Weapons
 a - a +6 trident of protection (weapon)
 p - a +2 longbow of freezing
 r - a +0 hand axe
Missiles
 b - 27 poisoned darts
 c - 78 stones
Armour
 d - a +0 robe (worn)
 j - a +0 helmet (worn)
 s - a scarf of resistance (worn)
Jewellery
 l - a ring of willpower (left hand)
Scrolls
 e - a scroll of teleportation {unknown}
 f - 2 scrolls of amnesia {unknown}
 h - a scroll of enchant weapon
 i - a scroll of noise {unknown}
 k - 2 scrolls of fog {unknown}
 q - a scroll of enchant armour {unknown}
 t - a scroll of identify {unknown}
 v - a scroll of magic mapping {unknown}
 w - a scroll of vulnerability {unknown}
Potions
 g - a potion of heal wounds {unknown}
 m - a potion of resistance {unknown}
 n - a potion of flight {unknown}
 u - a potion of ambrosia {unknown}


   Skills:
 * Level 3.0 Fighting
 - Level 2.8 Dodging
 - Level 1.5 Stealth
 * Level 4.0 Spellcasting


You couldn't memorise any spells.
You knew the following spells:

 Your Spells              Type           Power      Damage    Failure   Level
a - Foxfire               Conj/Fire      64%        2x1d7     3%          1
b - Conjure Flame         Conj/Fire      16%        6-21      10%         3
c - Inner Flame           Hex/Fire       16%        N/A       10%         3
d - Sticky Flame          Conj/Fire      16%        2d4       32%         4
e - Fireball              Conj/Fire      8%         3d6       65%         5
f - Corona                Hex            17%        N/A       3%          1
g - Searing Ray           Conj           32%        3d4       4%          2
Your spell library was empty.

Dungeon Overview and Level Annotations

Branches:
Dungeon (4/15)
 Temple: D:4-7

Altars:
Yredelemnul

Shops:
D:2 :   D:3 *!(=:

Annotations:
D:4 Dowan, Duvessa, Edmund


Innate Abilities, Weirdness & Mutations

You are immune to sickness and miasma.
You are immune to poison.
Your flesh is very heat resistant. (rF++)
You are vulnerable to cold. (rC-)
You float through the air rather than walking.
You learn spells naturally, not from books.
Your magical power is your life essence.
You have superior vitality. (+4 HP)


Message History

Duvessa hits you with a +1 rapier of flaming!
* * * LOW HITPOINT WARNING * * *
Dowan casts a spell at you. The puff of flame misses you.
Duvessa says, "When magic and the sword combine, nothing stands against them."
There is an open door, spattered with blood here.
Dowan points at Duvessa and mumbles some strange words.
Duvessa seems to speed up.
The ball python bites you but does no damage.
The ball python closely misses you.
There is a stone staircase leading up here.
The ball python misses you. The ball python grabs you.
You stop ascending the stairs.
The ball python constricts you.
You escape the ball python's grasp.
The kobold barely misses you.
You fly upwards.
There is a stone staircase leading down here.
The ball python bites you.
* * * LOW HITPOINT WARNING * * *
The ball python grabs you. The ball python constricts you.
Casting: Searing Ray (safe; 4% risk of failure)
Confirm with . or Enter, or press ? or * to list all spells.
Aiming: Corona (safe; 3% risk of failure)
Press: ? - help, Shift-Dir - straight line, f - ball python
Aim: a ball python (constricting you, chance to affect: 71%)
The ball python is outlined in light.
* * * LOW HITPOINT WARNING * * *
The ball python bites you but does no damage.
* * * LOW HITPOINT WARNING * * *
The ball python constricts you.
The ball python bites you but does no damage.
* * * LOW HITPOINT WARNING * * *
The ball python constricts you.
Press: ? - help, v - describe, . - travel
Here: a ball python (constricting you, softly glowing)
A stone staircase leading down.
The ball python closely misses you. The ball python constricts you.
You don't have enough health to cast this spell.
Unknown command.
You barely miss the ball python. The ball python bites you.
You die...

..+#.#.#.##.#
..#.#.#.#.#.#############
+#.#.#.#.##.............#
#.#.#.#.#.#############.#
.#.#.#.#.## #.#
#.#.#.#.#.#############.#####
.#.#.#.#.#..................#
#.#.#.#.#.#############.##.##
.#.#.#.#.#.....S@.......##.#
#.#.#.#.#.#####.##########.#
.#.#.#.#.#...##.# #.#
#.#.#.#.#.##.##.# #.#
.#.#.#.#.#.#.##.# #(#
#.#.#.#.#..#.##.##########.#
.#.#.#.#.#.#.##.##.........#
#...#.#.#..#.##.##.#########
#..###.#.#.#.##..#.#


You could see a ball python (corona).

Vanquished Creatures
  A howler monkey (D:4)
  Terence (D:3)
  Natasha (D:2)
  A hound zombie (D:3)
  Robin (D:2)
  3 adders (D:2)
  A worm (D:3)
  A dart slug (D:2)
  An orc (D:4)
  8 ball pythons
  3 endoplasms
  2 giant cockroaches
  11 goblins
  10 hobgoblins
  2 jackals (D:2)
  A kobold (D:1)
  2 quokkas
  5 bats
  5 frilled lizards
  3 rats
63 creatures vanquished.

Vanquished Creatures (others)
  107 foxfires
107 creatures vanquished.

Grand Total: 170 creatures vanquished

Notes
Turn   | Place    | Note
-------+----------+-------------------------------------------
     0 | D:1      | shadowrider38 the Djinni Fire Elementalist began the quest
                  | for the Orb.
     0 | D:1      | Reached XP level 1. HP: 15/15 MP: 0/0
    43 | D:1      | Found a faded altar of an unknown god.
   167 | D:1      | Reached XP level 2. HP: 20/21 MP: 0/0
  1020 | D:1      | Reached XP level 3. HP: 21/25 MP: 0/0
  1020 | D:1      | Learned a level 1 spell: Corona
  1258 | D:2      | Found a basalt altar of Yredelemnul.
  1265 | D:2      | Reached skill level 3 in Spellcasting
  1518 | D:2      | Reached XP level 4. HP: 23/31 MP: 0/0
  1736 | D:2      | Reached skill level 1 in Fighting
  1739 | D:2      | Noticed Robin
  1753 | D:2      | Killed Robin
  2359 | D:2      | Found Raghic's Book Boutique.
  2874 | D:2      | Noticed Natasha
  2880 | D:2      | Killed Natasha
  2881 | D:2      | Reached XP level 5. HP: 34/38 MP: 0/0
  2881 | D:2      | Learned a level 2 spell: Searing Ray
  3153 | D:3      | Noticed Terence
  3314 | D:3      | Found Poneapt's Book Shop.
  3335 | D:3      | Found Citein's Weapon Shop.
  3378 | D:3      | Found Vyshrewk's Jewellery Shoppe.
  3854 | D:3      | Killed Terence
  4003 | D:3      | Found Pail's General Store.
  4163 | D:3      | Found Valu's Distillery.
  4554 | D:4      | Noticed Duvessa
  4554 | D:4      | Noticed Dowan
  4687 | D:4      | Reached skill level 4 in Spellcasting
  4687 | D:4      | Reached XP level 6. HP: 39/46 MP: 0/0
  4707 | D:4      | Noticed Edmund
  4720 | D:3      | HP: 2/46 [ball python (1)]
  4723 | D:3      | Slain by a ball python

Illustrated notes

Levels and vault maps discovered:
D:1:      dpeg_arrival_orchard, layout_loops_cross, basic_ecumenical_altar,
          minivault_14, amcnicky_mini_corridor_feature, minmay_unequal
D:2:      layout_basic, serial_shops,
          nicolae_shop_temple_entry_statues_fountains, basic_altar,
          chequers_serial_rivers_micro_a, uniq_robin, uniq_natasha
D:3:      layout_basic, serial_shops, nicolae_shop_stone, nicolae_square_shop,
          nicolae_shop_temple_entry_statues_fountains, shop_statue, shop,
          uniq_terence
D:4:      layout_gridville, kennysheep_mini_moat, minmay_temple_entry_ruins,
          skrybe_limestone_x, nicolae_shop_self_help, uniq_blork_the_orc,
          uniq_edmund, uniq_duvessa

Skill      XL: |  1  2  3  4  5 |
---------------+----------------+-----
Spellcasting   | 3 4 |  4.0
Fighting       | 2 3 |  3.0
Dodging        | |  2.8
Stealth        | |  1.5

Action                   |  1- 3 |  4- 6 || total
-------------------------+-------+-------++-------
Melee: Dagger            |    14 |       ||    14
       Hand axe          |     1 |    45 ||    46
       Trident           |       |     5 ||     5
Throw: Dart              |    16 |       ||    16
 Cast: Foxfire           |    35 |    61 ||    96
       Searing Ray       |       |     7 ||     7
       Corona            |       |     1 ||     1
  Use: Scroll            |       |     1 ||     1
       Potion            |       |     1 ||     1
 Stab: Sleeping          |       |     1 ||     1
Armor: Robe              |     7 |    20 ||    27
Dodge: Dodged            |    18 |    71 ||    89
